 Dungeon Crawl Stone Soup version 0.27-a0-460-g297a19dbdb (webtiles) character file.

Game seed: 4333880339167923891

156 Anon1729 the Skirmisher (level 5, -7/46 HPs)
             Began as a Ghoul Fighter on Feb 28, 2021.
             Splashed by Ijyb's acid (13 damage)
             ... on level 3 of the Dungeon.
             The game lasted 00:02:35 (2638 turns).

Anon1729 the Skirmisher (Ghoul Fighter)             Turns: 2638, Time: 00:02:36

Health: -7/46      AC:  4    Str: 20    XL:     5   Next: 38%
Magic:  4/4        EV: 15    Int:  4    God:
Gold:   151        SH:  9    Dex:  8    Spells: 4/4 levels left

rFire    . . .     SeeInvis .   a - +0 war axe
rCold    + . .     Faith    .   c - +0 kite shield
rNeg     + + +     Spirit   .   b - +0 scale mail
rPois    ∞         Reflect  .   (no helmet)
rElec    .         Harm     .   (no cloak)
rCorr    .         Rampage  .   s - +0 pair of gloves
Will     .....                  (no boots)
Stlth    ..........             (no amulet)
HPRegen  0.00/turn              o - +4 ring of evasion
MPRegen  0.09/turn              p - +4 ring of evasion

@: corroded
A: claws 1, cold resistance 1, negative energy resistance 3, inhibited
regeneration, torment resistance, unbreathing
a: no special abilities


You were on level 3 of the Dungeon.
You visited 1 branch of the dungeon, and saw 3 of its levels.

You collected 151 gold pieces.

Inventory:

Hand Weapons
 a - a +0 war axe (weapon)
Armour
 b - a +0 scale mail (worn)
 c - a +0 kite shield (worn)
 s - a +0 pair of gloves (worn)
Jewellery
 o - a +4 ring of evasion (left hand)
 p - a +4 ring of evasion (right hand)
Scrolls
 e - a scroll of enchant weapon {unknown}
 g - 3 scrolls of identify {unknown}
 k - a scroll of magic mapping {unknown}
 l - a scroll of teleportation {unknown}
 m - a scroll of fog {unknown}
 n - a scroll of amnesia {unknown}
 r - a scroll of blinking {unknown}
Potions
 d - 2 potions of might
 f - a potion of brilliance {unknown}
 h - a potion of heal wounds {unknown}
 i - a potion of magic {unknown}
 j - 2 potions of attraction {unknown}
 q - a potion of haste {unknown}
 t - a potion of cancellation {unknown}


   Skills:
 + Level 4.1 Fighting
 * Level 3.3 Axes
 + Level 3.4 Armour
 + Level 3.4 Shields


You had 4 spell levels left.
You didn't know any spells.
Your spell library was empty.

Dungeon Overview and Level Annotations

Branches:
Dungeon (3/15)

Altars:
Cheibriados
Vehumet

Annotations:
D:3 Ijyb


Innate Abilities, Weirdness & Mutations

You thrive by killing the living.
You are immune to poison.
You have sharp fingernails.
Your flesh is cold resistant. (rC+)
You are immune to negative energy. (rN+++)
You do not regenerate when monsters are visible.
You are immune to unholy pain and torment.
You can survive without breathing.


Message History

You are too injured to fight recklessly!
You are too injured to fight recklessly!
You are too injured to fight recklessly!
You are too injured to fight recklessly!
You are too injured to fight recklessly!
You are too injured to fight recklessly!
You are too injured to fight recklessly!
You are too injured to fight recklessly!
You are too injured to fight recklessly!
You are too injured to fight recklessly!
You completely miss the gnoll.
The gnoll is severely wounded.
You block the gnoll's attack.
Your shield and scale mail prevent you from hitting the gnoll.
The gnoll is severely wounded.
The gnoll hits you but does no damage. The gnoll closely misses you.
You barely miss the gnoll.
The gnoll is severely wounded.
You block the gnoll's attack.
You hit the gnoll.
The gnoll is almost dead.
The gnoll closely misses you. The gnoll hits you with a +0 spear.
You slash the gnoll!
You kill the gnoll!
You feel better.
t - a murky cyan potion
Things that are here:
a +0 spear; a +0 whip You start resting.
HP restored.
Found a stone staircase leading down.
Found a faded altar of an unknown god.
Ijyb the Twisted Goblin comes into view.
She is wielding a +0 dagger and carrying a wand of acid (10).
Ijyb is nearby!
Ijyb zaps a wand.
The bolt of acid hits you!
You are splashed with acid!
Ijyb grins evilly.
Ijyb zaps a wand.
The bolt of acid hits you!
* * * LOW HITPOINT WARNING * * *
The acid corrodes you!
You are splashed with acid!
You die...

#...#.#...#..#
...#._.#.##..#
#...#.#..##..#
##...#...##..#
#....g......#
#.........##.#
#.........##.# ###
#.......#.##.######...##
#####...#..@............
#....###.#######...###
#....................#
#..##......##........#
#..###....###........#
##..###..###.........#
#...######..........#
#....# #.....#####.#
#g...# #.....#####.#


You could see Ijyb.

Vanquished Creatures
  A scorpion (D:3)
  4 gnolls
  A white imp (D:2)
  An ooze (D:2)
  2 dart slugs (D:1)
  2 ball pythons
  5 bats
  2 giant cockroaches
  7 goblins
  8 hobgoblins
  4 jackals (D:3)
  5 kobolds
  A quokka (D:2)
  5 frilled lizards
  3 rats
51 creatures vanquished.

Notes
Turn   | Place    | Note
-------+----------+-------------------------------------------
     0 | D:1      | Anon1729 the Ghoul Fighter began the quest for the Orb.
     0 | D:1      | Reached XP level 1. HP: 19/19 MP: 0/0
   170 | D:1      | Reached XP level 2. HP: 23/26 MP: 1/1
   618 | D:1      | Reached XP level 3. HP: 18/31 MP: 2/2
  1409 | D:2      | Reached XP level 4. HP: 31/40 MP: 3/3
  1975 | D:2      | Found a snail-covered altar of Cheibriados.
  1975 | D:2      | Found a radiant altar of Vehumet.
  2146 | D:3      | Reached skill level 4 in Fighting
  2146 | D:3      | Reached XP level 5. HP: 12/46 MP: 4/4
  2622 | D:3      | Found a faded altar of an unknown god.
  2628 | D:3      | Noticed Ijyb
  2638 | D:3      | Splashed by Ijyb's acid

Illustrated notes

Levels and vault maps discovered:
D:1:      elethiomel_arrival_quiet, layout_loops_corners
D:2:      minmay_wonky_spiral, layout_basic, gammafunk_temple_overflow_statue
D:3:      layout_basic, chequers_ecumenical_altar_simple_redux, minivault_19,
          elyvilon_altar_4, uniq_ijyb

Skill      XL: |  1  2  3  4 |
---------------+-------------+-----
Axes           | 2 3 |  3.3
Armour         | 3 |  3.4
Shields        | 3 |  3.4
Fighting       | 4 |  4.1

Action                   |  1- 3 |  4- 6 || total
-------------------------+-------+-------++-------
Melee: War axe           |    96 |    71 ||   167
Armor: Scale mail        |    46 |    22 ||    68
Dodge: Dodged            |    29 |    47 ||    76
Block: Kite shield       |    54 |    44 ||    98

Table legend: (Time is in decaauts)
 A = Elapsed time spent in this place.
 B = Non-inter-level travel time spent in this place.
 C = Inter-level travel time spent in this place.
 D = Time resting spent in this place.
 E = Time spent auto-exploring this place.
 F = Levels seen in this place.
 G = Mean time per level.
                   A        B        C        D        E       F      G
               +--------+--------+--------+--------+--------+-----+--------+
         Total |   2737 |   2661 |     76 |    383 |   1830 |   3 |  912.3 |
       Dungeon |   2737 |   2661 |     76 |    383 |   1830 |   3 |  912.3 |
               +--------+--------+--------+--------+--------+-----+--------+

Top non-repeatable levels by time:
     D:1: 1168 daAuts
     D:2: 981 daAuts
     D:3: 588 daAuts
